 Dungeon Crawl Stone Soup version 0.14-a0-1719-ga7e7698 (webtiles) character file.

46 4tharraofdagon the Scratcher (level 3, -9/17 HPs)
             Began as a Felid Chaos Knight on Jan 2, 2014.
             Was a Plaything of Xom.
             Mangled by an orc
             ... wielding a +0,+2 orcish war axe
              (11 damage)
             ... on Level 3 of the Dungeon.
             The game lasted 00:03:05 (588 turns).

4tharraofdagon the Scratcher (Felid Chaos Knight)    Turns: 588, Time: 00:03:05

HP  -9/17        AC  1     Str  9      XL: 3   Next:  8%
MP  14/14        EV 17     Int 13      God: Xom
Gold 14          SH  0     Dex 11 (15) Spells:  0 memorised,  2 levels left
Lives: 0, deaths: 0

rFire  . . .     SeeInvis +       - Unarmed
rCold  . . .     Clarity  .     (armour unavailable)
rNeg   . . .     Conserve .     (shield unavailable)
rPois  .         rCorr    .     (helmet unavailable)
rElec  .         rRot     .     (cloak unavailable)
SustAb . .       Spirit   .     (gloves unavailable)
rMut   .         Warding  .     (boots unavailable)
Saprov . . .     Stasis   .     (no amulet)
                                (no ring)
                                d - ring of magical power

@: confused, quick, slightly resistant to hostile enchantments, unstealthy
A: paw claws, no armour, no advanced items, antennae 1, fangs 3, see invisible,
carnivore 3, speed 1, shaggy fur 1, slow metabolism 1, jump 1
a: Jump Attack, Renounce Religion


You were on level 3 of the Dungeon.
You worshipped Xom.
You were a plaything of Xom.
You were very full.

You visited 1 branch of the dungeon, and saw 3 of its levels.

You collected 14 gold pieces.

Inventory:

Comestibles
 c - a meat ration
Scrolls
 a - 2 scrolls of identify {unknown}
 b - a scroll of noise {unknown}
 e - a scroll of random uselessness {unknown}
 f - 2 scrolls of teleportation {unknown}
 g - a scroll of remove curse {unknown}
 h - a scroll of fear {unknown}
Jewellery
 d - a ring of magical power (left paw)


   Skills:
 + Level 3.4 Fighting
 + Level 3.4 Dodging
 * Level 3.8 Unarmed Combat


You had 2 spell levels left.
You didn't know any spells.

Dungeon Overview and Level Annotations

Branches:
Dungeon (3/16)

Altars:

Annotations:
D:3 4tharraofdagon's ghost, average TeFE


Innate Abilities, Weirdness & Mutations

You cannot wear armour.
You are incapable of any advanced item manipulation.
Your paws have sharp claws.
You have razor-sharp teeth.
You have supernaturally acute eyesight.
You are carnivorous and can eat meat at any time.
You cover ground quickly.
You are covered in fur (AC +1).
You have a slow metabolism.
You can jump attack at a short distance.
You have a pair of small antennae on your head.


Message History

4tharraofdagon's ghost looks rather confused.
You aren't carrying any potions.
Ouch!
The orc wizard mumbles some strange words.
The orc wizard blinks!
Ouch! The hobgoblin completely misses you. The goblin barely misses you.
Ouch! Xom makes a sudden noise!
You hear a bellow!
The goblin hits you with a dagger.
* * * LOW HITPOINT WARNING * * *
The orc completely misses you. The hobgoblin completely misses you.
Unknown command.
You closely miss the hobgoblin. The goblin closely misses you.
You claw the hobgoblin!
You kill the hobgoblin!
The orc barely misses you. The goblin misses you.
Ouch! The orc misses you. The goblin hits you but does no damage.
The orc hits you with an orcish war axe!
Ouch! That really hurt!
You die...

#.#######
####.#######
#######..........#
#.....#g##..#.##.#
#.....#.##..# #
#.....#.##..g.
#........##.#...
#.....#..........#
#@g...#?......###
#.o...######..#
####### .## {


You could see an orc and a goblin.

Vanquished Creatures
  An adder (D:2)
  2 orcs
  A bat (D:1)
  3 giant cockroaches
  5 goblins
  2 hobgoblins
  A kobold (D:1)
  3 giant newts
  4 rats
22 creatures vanquished.

Vanquished Creatures (collateral kills)
  A goblin (D:3)
1 creature vanquished.

Grand Total: 23 creatures vanquished

Notes
Turn   | Place    | Note
--------------------------------------------------------------
     0 | D:1      | 4tharraofdagon, the Felid Chaos Knight, began the quest for the Orb.
     0 | D:1      | Reached XP level 1. HP: 10/10 MP: 2/2
    83 | D:1      | Gained mutation: You have a pair of small antennae on your head. [potion of beneficial mutation]
   100 | D:1      | XOM: divination: detect creatures
   154 | D:1      | Reached XP level 2. HP: 14/14 MP: 3/3
   418 | D:3      | XOM: confuse monster(s)
   421 | D:3      | XOM: noise
   422 | D:3      | XOM: cast spell 'Summon Ugly Thing'
   468 | D:3      | Reached XP level 3. HP: 7/17 MP: 5/5
   527 | D:3      | XOM: noise
   530 | D:3      | XOM: enchant monster (good)
   564 | D:3      | Noticed 4tharraofdagon's ghost (average TeFE)
   567 | D:3      | XOM: confusion (+ monsters)
   584 | D:3      | XOM: noise
   588 | D:3      | Mangled by an orc

Action                   || total
-------------------------++-------
Melee: Unarmed           ||    57
 Abil: Jump Attack       ||     8
  Use: Potion            ||     2
 Stab: Sleeping          ||     3
